 Dungeon Sprint DCSS version bcrawl-1.23 (webtiles) character file.

Game seed: 10008630455105122058

252 Freyura the Basher (level 6, -1/75 HPs)
             Began as an Ogre Fighter on May 25, 2020.
             Was an Initiate of Trog.
             Slain by a tengu warrior
             ... wielding a +3 broad axe
              (2 damage)
             ... in the Dungeon (Sprint IX: "|||||||||||||||||||||||||||||").
             The game lasted 00:03:25 (307 turns).

Freyura the Basher (Ogre Fighter)                    Turns: 307, Time: 00:03:26

Health: -1/75      AC:  5    Str: 26    XL:     6   Next: 14%
Magic:  6/6        EV:  9    Int:  9    God:    Trog [......]
Gold:   0          SH:  8    Dex:  8    Spells: 5/5 levels left

rFire    . . .     SeeInvis .   m - +2 morningstar (crush)
rCold    . . .     Gourm    .   c - +0 medium shield
rNeg     . . .     Faith    .   b - +0 robe
rPois    .         Spirit   .   (helmet restricted)
rElec    .         Reflect  .   (no cloak)
rCorr    .         Harm     .   (gloves unavailable)
MR       .....     NoTele   +   (boots unavailable)
Stlth    +.........             (no amulet)
HPRegen  0.22/turn              n - +2 ring of protection
MPRegen  0.10/turn              o - +3 ring of strength

@: lethally poisoned (-1 -> -2), very slightly contaminated
A: large, unfitting armour, tough skin 1
a: Renounce Religion


You were in the Dungeon.
You worshipped Trog.
Trog was noncommittal.
You were not hungry.

You visited 1 branch

Inventory:

Hand Weapons
 m - a +2 morningstar of crushing (weapon)
Armour
 b - a +0 robe (worn)
 c - a +0 medium shield (worn)
Jewellery
 n - a +2 ring of protection (left hand)
 o - a +3 ring of strength (right hand)
Wands
 l - a wand of acid (10)
Scrolls
 j - 3 scrolls of remove curse
 k - 2 scrolls of blinking
Potions
 f - 5 potions of curing
 g - 3 potions of heal wounds
 h - a potion of haste
 i - 4 potions of magic
Comestibles
 e - a ration {!d}


   Skills:
 + Level 9.0 Fighting
 * Level 10.5 Maces & Flails
 + Level 6.2 Dodging
 - Level 2.6 Shields


You had 5 spell levels left.
You didn't know any spells.
Your spell library was empty.

Dungeon Overview and Level Annotations

Branches:
Dungeon (1/1)

Altars:
Cheibriados
Dithmenos
Elyvilon
Fedhas
Gozag
Hepliaklqana
Kikubaaqudgha
Lugonu
Makhleb
Nemelex Xobeh
Okawaru
Qazlal
Ru
Sif Muna
Trog
Uskayaw
Vehumet
Wu Jian
Xom
Yredelemnul
Zin
The Shining One
Beogh
Jiyva


Innate Abilities, Weirdness & Mutations

You are too large for most types of armour.
You have tough skin. (AC +1)


Message History

The tengu warrior hits you with a +3 broad axe!
* * * LOW HITPOINT WARNING * * *
The tengu warrior pecks you.
* * * LOW HITPOINT WARNING * * *
The tengu warrior claws you.
* * * LOW HITPOINT WARNING * * *
You sock the tengu warrior!
The tengu warrior is almost dead.
* * * LOW HITPOINT WARNING * * *
You feel sick.
The orc warrior sings a few bars from the Orcish anthem.
You block the tengu warrior's attack. x3
You closely miss the tengu warrior.
The tengu warrior is almost dead.
The tengu warrior blocks your attack.
The tengu warrior is almost dead.
The tengu warrior barely misses you.
The tengu warrior pecks you but does no damage.
The tengu warrior claws you.
You die...

▓+▓
▓l▓
▓H▓
▓o▓
▓O▓
▓Q▓
▓@▓
▓'▓
▓)▓
▓.▓
▓[▓
▓[▓
▓[▓
▓)▓
▓|▓


You could see a tengu warrior, a two-headed ogre, a hippogriff, a basilisk and
an orc warrior.

Vanquished Creatures
  A soldier ant (D)
  A black bear (D)
  A quasit (D)
  A gnoll (D)
  A dart slug (D)
  A leopard gecko (D)
  An orc (D)
  A hobgoblin (D)
  A frilled lizard (D)
  A goblin (D)
  A kobold (D)
11 creatures vanquished.

Notes
Turn   | Place    | Note
-------+----------+-------------------------------------------
     0 | D        | Freyura the Ogre Fighter began the quest for the Orb.
     0 | D        | Reached XP level 1. HP: 24/24 MP: 1/1
    11 | D        | Reached skill level 3 in Maces & Flails
   129 | D        | Noticed a quasit
   129 | D        | Noticed a black bear
   131 | D        | Reached skill level 4 in Maces & Flails
   131 | D        | Reached XP level 2. HP: 33/33 MP: 2/2
   134 | D        | Killed a black bear
   134 | D        | Reached skill level 7 in Maces & Flails
   134 | D        | Reached XP level 3. HP: 46/46 MP: 3/3
   134 | D        | Reached XP level 4. HP: 55/55 MP: 4/4
   148 | D        | Reached skill level 8 in Maces & Flails
   151 | D        | Reached skill level 5 in Dodging
   151 | D        | Reached XP level 5. HP: 31/63 MP: 5/5
   158 | D        | Found a roughly hewn altar of Beogh.
   158 | D        | Found a snail-covered altar of Cheibriados.
   158 | D        | Found a shadowy altar of Dithmenos.
   158 | D        | Found a white marble altar of Elyvilon.
   158 | D        | Found a blossoming altar of Fedhas.
   158 | D        | Found an opulent altar of Gozag.
   159 | D        | Found a hazy altar of Hepliaklqana.
   160 | D        | Found a viscous altar of Jiyva.
   161 | D        | Found an ancient bone altar of Kikubaaqudgha.
   162 | D        | Found a corrupted altar of Lugonu.
   163 | D        | Found a burning altar of Makhleb.
   164 | D        | Found a sparkling altar of Nemelex Xobeh.
   165 | D        | Found an iron altar of Okawaru.
   166 | D        | Found a stormy altar of Qazlal.
   167 | D        | Found a sacrificial altar of Ru.
   168 | D        | Found a shimmering blue altar of Sif Muna.
   169 | D        | Found a bloodstained altar of Trog.
   170 | D        | Found a hide-covered altar of Uskayaw.
   171 | D        | Found a radiant altar of Vehumet.
   172 | D        | Found an ornate altar of the Wu Jian Council.
   173 | D        | Found a shimmering altar of Xom.
   174 | D        | Found a basalt altar of Yredelemnul.
   175 | D        | Found a glowing silver altar of Zin.
   176 | D        | Found a glowing golden altar of the Shining One.
   177 | D        | Became a worshipper of Trog the Wrathful
   289 | D        | Noticed a basilisk
   289 | D        | Noticed a hippogriff
   289 | D        | Noticed an orc warrior
   289 | D        | Noticed a two-headed ogre
   289 | D        | Noticed a tengu warrior
   289 | D        | Noticed a soldier ant
   295 | D        | Killed a soldier ant
   295 | D        | Reached skill level 10 in Maces & Flails
   295 | D        | Reached XP level 6. HP: 63/75 MP: 6/6
   304 | D        | HP: 2/75 [tengu warrior/+3 broad axe (6)]
   307 | D        | Slain by a tengu warrior

Skill      XL: |  1  2  3  4  5 |
---------------+----------------+-----
Maces & Flails | 4 7 8 10 | 10.5
Dodging        | 3 4 5 6 |  6.2
Fighting       | 7 9 |  9.0
Shields        | |  2.6

Action                   |  1- 3 |  4- 6 || total
-------------------------+-------+-------++-------
Melee: Flail             |    30 |    13 ||    43
       Morningstar       |       |    16 ||    16
  Use: Potion            |     2 |     1 ||     3
 Stab: Invisible         |       |     2 ||     2
Armor: Robe              |     6 |     9 ||    15
Dodge: Dodged            |     8 |     9 ||    17
Block: Medium shield     |    10 |    18 ||    28
